 Dungeon Crawl Stone Soup version 0.20-a0-187-ge5586d949a (webtiles) character file.

411 feito the Skirmisher (level 6, -11/48 HPs)
             Began as a Demonspawn Gladiator on Nov 23, 2016.
             Was a Believer of Nemelex Xobeh.
             Killed by divine providence
             ... invoked by an orc priest
              (16 damage)
             ... on level 4 of the Dungeon.
             The game lasted 00:28:23 (4611 turns).

feito the Skirmisher (Demonspawn Gladiator)         Turns: 4611, Time: 00:28:24

Health: -11/48     AC:  7    Str: 15    XL:     6   Next: 58%
Magic:  8/8        EV: 12    Int: 10    God:    Nemelex Xobeh [**....]
Gold:   253        SH:  4    Dex: 15    Spells: 5/5 levels left

rFire  . . .     SeeInvis .     H - +3 rapier (drain)
rCold  . . .     Gourm    .     b - +0 leather armour
rNeg   . . .     Faith    +     o - +0 buckler
rPois  .         Spirit   .     (helmet restricted)
rElec  .         Reflect  .     (no cloak)
rCorr  .         Harm     .     (no gloves)
MR     +....                    e - +0 pair of boots
Stlth  +.........               A - amulet of faith (curse)
                                (no ring)
                                F - ring of protection from magic

@: drained
A: antennae 1, thin metallic scales 2, demonic guardian 1, powered by death 1
a: Renounce Religion


You were on level 4 of the Dungeon.
You worshipped Nemelex Xobeh.
Nemelex Xobeh was pleased with you.
You were not hungry.

You visited 1 branch of the dungeon, and saw 4 of its levels.

You collected 253 gold pieces.

Inventory:

Hand Weapons
 a - a +0 flail
 k - a +0 whip
 H - a +3 rapier of draining (weapon)
Missiles
 g - 2 javelins
 C - 6 tomahawks
 G - a throwing net (quivered)
Armour
 b - a +0 leather armour (worn)
 c - a +1 helmet
 e - a +0 pair of boots (worn)
 o - a +0 buckler (worn)
Jewellery
 u - an uncursed ring of ice
 A - a cursed amulet of faith (around neck)
 F - a ring of protection from magic (left hand)
Scrolls
 i - 2 scrolls of recharging
 l - 2 scrolls of teleportation {unknown}
 m - 3 scrolls of remove curse
 p - a scroll of enchant weapon {unknown}
 r - a scroll of noise {unknown}
 t - 2 scrolls of identify {unknown}
 y - 2 scrolls of enchant armour
Potions
 h - 2 potions of flight {unknown}
 j - 2 potions of heal wounds {unknown}
 s - 2 potions of curing {unknown}
 z - 2 potions of berserk rage {unknown}
 B - a potion of degeneration {unknown}
 D - a potion of brilliance {unknown}
Books
 q - a book of Cantrips

   Spells                             Type                      Level
   a - Confusing Touch                Hexes                        1
   b - Animate Skeleton               Necromancy                   1
   c - Summon Small Mammal            Summoning                    1
   d - Apportation                    Translocation                1
 x - a book of Conjurations

   Spells                             Type                      Level
   a - Magic Dart                     Conjuration                  1
   b - Searing Ray                    Conjuration                  2
   c - Dazzling Spray                 Conjuration/Hexes            3
   d - Fulminant Prism                Conjuration/Hexes            4
   e - Iskenderun's Mystic Blast      Conjuration                  4
   f - Iskenderun's Battlesphere      Conjuration/Charms           5
Miscellaneous
 d - a plain deck of destruction {drawn: 1}
Comestibles
 f - 3 bread rations
 n - 2 meat rations
 w - 3 fruits


   Skills:
 * Level 3.9(3.2) Fighting
 + Level 3.5(2.8) Maces & Flails
 + Level 2.7(2.1) Throwing
 + Level 2.0(1.4) Armour
 + Level 3.5(2.8) Dodging
 + Level 1.3(0.7) Shields
 + Level 2.9(2.2) Invocations


You had 5 spell levels left.
You didn't know any spells.

Dungeon Overview and Level Annotations

Branches:
Dungeon (4/15)
 Temple: D:4-7

Altars:
Ashenzari
Hepliaklqana
Nemelex Xobeh
The Shining One

Shops:
D:4 ?


Innate Abilities, Weirdness & Mutations

You have a pair of small antennae on your head.
You are mostly covered in thin metallic scales. (AC +3)
A weak demonic guardian rushes to your aid.
You regenerate a little health from kills.


Message History

You draw a card...
It is the Illusion.
The deck of cards disappears without a trace.
Suddenly you stand beside yourself.
You swap places.
The orc wizard closely misses feito's illusion.
Feito's illusion barely misses the orc wizard.
The orc wizard hits feito's illusion but does no damage.
Feito's illusion closely misses the orc wizard.
The orc wizard hits feito's illusion but does no damage.
Feito's illusion hits the orc wizard.
Feito's illusion drains the orc wizard!
The orc wizard completely misses feito's illusion.
Feito's illusion hits the orc wizard.
The orc wizard casts a spell.
The orc wizard blinks!
The orc priest hits you from afar with a trident!
* * * LOW HITPOINT WARNING * * *
The orc priest mumbles some strange prayers to Beogh against you.
Beogh smites you!
You die...
Your body disappears without a glow.

##♣#♣#♣#♣## #♣.♣#♣ #.........#
.....# #.♣#♣.♣#♣.#######♣.....♣.
###.###.###......##........
#.....♣.♣......o..'♣$....♣. .. .>
#.#.....####.###o##.......# #.#..
#.#.....####.###.# ♣.♣.♣#♣#.#.#..
#..............#@##.....#.#.#...P
#..............#@.......#.#.#..P♣
#........o.....###......#.#.#.P.♣
#).............###.####.....#.PP♣
.>..........o..+.........##.#..P.
...............# #.....<.........
...............########.......o#.
...............#..........##.o.#.
.................##....#..o{o..#
...#####.........##....#..###..#


You could see an orc priest, an orc wizard and the friendly feito's illusion.

Vanquished Creatures
  An ice beast (D:4)
  Blork the orc (D:4)
  Dowan (D:4)
  An orc wizard (D:4)
  A worker ant (D:4)
  5 adders
  An ooze (D:2)
  A worm (D:3)
  3 leopard geckos
  4 orcs
  5 bats
  2 giant cockroaches
  5 goblins
  8 hobgoblins
  2 jackals (D:1)
  8 kobolds
  A quokka (D:3)
  A ball python (D:2)
  5 frilled lizards
  10 rats
66 creatures vanquished.

Vanquished Creatures (collateral kills)
  Duvessa (D:4)
  The ghost of murphy the Shield-Bearer, a weakling FoFi (D:3)
  An orc priest (D:4)
  An iguana (D:4)
  5 orcs (D:3)
9 creatures vanquished.

Grand Total: 75 creatures vanquished

Notes
Turn   | Place    | Note
-------+----------+-------------------------------------------
     0 | D:1      | feito the Demonspawn Gladiator began the quest for the Orb.
     0 | D:1      | Reached XP level 1. HP: 16/16 MP: 1/1
   384 | D:1      | Gained mutation: You are partially covered in thin metallic scales. (AC +2) [demonic ancestry]
   384 | D:1      | Reached XP level 2. HP: 5/23 MP: 2/2
   665 | D:1      | Found a glowing golden altar of the Shining One.
   902 | D:1      | Gained mutation: You have a pair of small antennae on your head. [demonic ancestry]
   902 | D:1      | Reached XP level 3. HP: 18/28 MP: 3/3
  1417 | D:2      | Reached skill level 1 in Armour
  1726 | D:2      | Found a hazy altar of Hepliaklqana.
  1726 | D:2      | Found a sparkling altar of Nemelex Xobeh.
  1763 | D:2      | Became a worshipper of Nemelex Xobeh the Trickster
  1817 | D:2      | Received a gift from Nemelex Xobeh
  2295 | D:3      | Found a faded altar of an unknown god.
  2305 | D:3      | Gained mutation: You regenerate a little health from kills. [demonic ancestry]
  2305 | D:3      | Reached XP level 4. HP: 32/35 MP: 4/4
  2543 | D:3      | Noticed murphy's ghost (weakling FoFi)
  2562 | D:3      | Killed murphy's ghost
  2562 | D:3      | Reached skill level 1 in Invocations
  2822 | D:3      | Reached * piety under Nemelex Xobeh
  3350 | D:4      | Noticed Duvessa
  3404 | D:4      | HP: 1/35 [Duvessa/rapier of draining (1)]
  3773 | D:4      | Received a gift from Nemelex Xobeh
  3791 | D:4      | Noticed an ice beast
  3802 | D:4      | Killed an ice beast
  3802 | D:4      | Reached skill level 1 in Shields
  3802 | D:4      | Gained mutation: A weak demonic guardian rushes to your aid. [demonic ancestry]
  3802 | D:4      | Reached XP level 5. HP: 14/41 MP: 6/6
  3990 | D:4      | Reached ** piety under Nemelex Xobeh
  4002 | D:4      | Noticed Blork the orc
  4223 | D:4      | Killed Blork the orc
  4276 | D:4      | Noticed Dowan
  4291 | D:4      | Killed Dowan
  4291 | D:4      | Gained mutation: You are mostly covered in thin metallic scales. (AC +3) [demonic ancestry]
  4291 | D:4      | Reached XP level 6. HP: 42/48 MP: 7/7
  4323 | D:4      | Found Kixelewk's Magic Scroll Emporium.
  4361 | D:4      | Found a shattered altar of Ashenzari.
  4466 | D:4      | Killed Duvessa
  4611 | D:4      | Killed from afar by an orc priest

Vault maps used:
D:1:      sevenhm_arrival_forest_fort_small_4, tso_metal_star
D:2:      amethyst_overflow_temple_binary
D:3:      chequers_ecumenical_altar_island, first_bread
D:4:      nicolae_overflow_crystal_walls, serial_shops, kennysheep_little_box,
          serial_forest, infiniplex_forest_corner_1, infiniplex_forest_lined_1,
          infiniplex_forest_clump_small, infiniplex_forest_end_1,
          infiniplex_forest_lined_3_way, infiniplex_forest_lined_room_2,
          uniq_blork_the_orc, uniq_duvessa

Skill      XL: |  1  2  3  4  5  6 |
---------------+-------------------+-----
Throwing       | 2 |  2.7
Fighting       | 3 |  3.9
Armour         | 1 2 |  2.0
Dodging        | 3 |  3.5
Maces & Flails | 3 |  3.5
Invocations    | 1 2 |  2.9
Shields        | 1 |  1.3

Action                   |  1- 3 |  4- 6 || total
-------------------------+-------+-------++-------
Melee: Flail             |    87 |       ||    87
       Whip              |    79 |   174 ||   253
       Rapier            |       |     5 ||     5
Throw: Throwing net      |     7 |     2 ||     9
       Javelin           |       |     1 ||     1
Evoke: Deck              |       |     7 ||     7
  Use: Scroll            |     3 |       ||     3
 Stab: Held in net/web   |     1 |     1 ||     2
       Distracted        |       |     1 ||     1
       Sleeping          |       |     1 ||     1
  Eat: Chunk             |     3 |       ||     3
       Meat ration       |     1 |       ||     1
       Fruit             |       |     1 ||     1
       Bread ration      |       |     1 ||     1
Armor: Leather armour    |    55 |    39 ||    94
Dodge: Dodged            |   128 |   103 ||   231
Block: Buckler           |    10 |    29 ||    39
